AoeStats
← 文風

Black Forest

509621045Analyzed
2v2 RM · 4d ago on Sep 27, 2026· 23m 54s· 4 players
Game mode
Random Map
Map size
Medium (4 player)
Population
200
Speed
Normal
Resources
Standard
Victory
Conquest
Starting age
Dark Age
Ending age
Imperial Age
RankedLock teamsTeams togetherTeam positionsShared explorationLock speedFull tech treeHidden civsTurbo modeCheats
Victory
Defeat
🇫🇷 Inca · France
1430
+16
🇫🇷 Vietnamese · France
1429
+16
🇭🇰 Lithuanians · Hong Kong SAR China
1440
-16
🇭🇰 Turks · Hong Kong SAR China
1423
-16
Tom
1:00 Loom
10:51 Feudal Age
11:34 Double-Bit Axe
11:28 Champi Runner
16:17 Horse Collar
21:01 Castle Age
19:04 Scale Mail Armor
20:34 Forging
21:07 Champi Warrior
22:04 Chain Mail Armor
Ziko
0:37 Loom
11:40 Feudal Age
15:38 Castle Age
13:56 Double-Bit Axe
14:06 Fletching
16:57 Bodkin Arrow
文風
0:43 Loom
12:16 Feudal Age
15:47 Castle Age
13:40 Double-Bit Axe
23:42 Imperial Age
屌炸天
0:35 Loom
12:43 Feudal Age
16:24 Double-Bit Axe
18:45 Castle Age
17:40 Horse Collar
21:23 Bow Saw
Connection lost

Rejoining the realm…

Still unreachable

The connection could not be restored.

Session expired

The server has moved on; the page needs a fresh start.